Selects Airborne Battlegroup
Selects Heavy Machine Gun Paradrop
Heavy Machine Gun Paradrop
Heavy Machine Gun Paradrop
Mechanized Support Center
Construct Medical Station
Selects Paradrop Reinforcements
Heavy Machine Gun Paradrop
Construct Weapon Support Center
Selects Paratrooper Squad Paradrop
M1918 Browning Automatic Rifles
M4A1(76) Sherman Medium Tank
Selects Paratrooper Squad Paradrop
Selects Carpet Bombing Run